 Dungeon Crawl Stone Soup version 0.30-a0-311-gf115ab0292 (webtiles) character file.

Game seed: 10429014098337018260

70 purpskrrrp the Chopper (level 4, 0/38 HPs)
             Began as a Hill Orc Gladiator on Oct 25, 2022.
             Slain by a goblin
             ... wielding a +0 club
             ... led by Robin
              (3 damage)
             ... on level 2 of the Dungeon.
             The game lasted 00:02:09 (1520 turns).

purpskrrrp the Chopper (Hill Orc Gladiator)         Turns: 1520, Time: 00:02:09

Health: 0/38       AC:  6    Str: 18    XL:     4   Next: 21%
Magic:  4/4        EV: 12    Int:  8    God:
Gold:   175        SH:  0    Dex: 12    Spells: 3/3 levels left

rFire   . . .      SeeInvis .    a - +0 war axe
rCold   . . .      Faith    .    (no shield)
rNeg    . . .      Spirit   .    b - +0 leather armour
rPois   .          Reflect  .    c - +1 helmet
rElec   .          Harm     .    (no cloak)
rCorr   .          Rampage  .    (no gloves)
Will    .....                    f - +0 pair of boots
Stlth   +.........               (no amulet)
HPRegen 0.26/turn                (no ring)
MPRegen 0.09/turn                (no ring)

@: no status effects
A: no striking features
a: no special abilities


You were on level 2 of the Dungeon.
You visited 1 branch of the dungeon, and saw 2 of its levels.

You collected 175 gold pieces.

Inventory:

Hand Weapons
 a - a +0 war axe (weapon)
Missiles
 d - 3 throwing nets (quivered)
 e - a javelin
Armour
 b - a +0 leather armour (worn)
 c - a +1 helmet (worn)
 f - a +0 pair of boots (worn)
Scrolls
 h - a scroll of magic mapping {unknown}
 i - a scroll of identify
 k - a scroll of teleportation {unknown}
 l - a scroll of poison {unknown}
Potions
 g - a potion of attraction {unknown}
 j - a potion of haste {unknown}
 m - 2 potions of might {unknown}


   Skills:
 + Level 3.3 Fighting
 * Level 5.5 Axes
 - Level 1.7 Throwing
 + Level 1.7 Armour
 - Level 2.4 Dodging


You had 3 spell levels left.
You didn't know any spells.
Your spell library contained the following spells:

 Spells                   Type           Power      Damage    Failure   Level
 Sting                    Tmut/Pois      0%         1d3       45%         1
 Poisonous Vapours        Pois/Air       0%         N/A       61%         2
 Dazzling Flash           Conj/Hex       0%         N/A       83%         3
 Olgreb's Toxic Radiance  Pois           0%         N/A       99%         4
 Agony                    Necr           0%         N/A       100%        5
 Silence                  Hex/Air        0%         N/A       100%        5


Dungeon Overview and Level Annotations

Branches:
Dungeon (2/15)

Altars:

Annotations:
D:2 Robin


Message History

Ouch! That really hurt!
* * * LOW HITPOINT WARNING * * *
You hear a shout!
You are too injured to fight recklessly!
You are too injured to fight recklessly!
You are too injured to fight recklessly!
You are too injured to fight recklessly!
You are too injured to fight recklessly!
You are too injured to fight recklessly!
You are too injured to fight recklessly!
You are too injured to fight recklessly!
You are too injured to fight recklessly!
You are too injured to fight recklessly!
You are too injured to fight recklessly!
You are too injured to fight recklessly!
You are too injured to fight recklessly!
You are too injured to fight recklessly!
You are too injured to fight recklessly!
You are too injured to fight recklessly!
You are too injured to fight recklessly!
You are too injured to fight recklessly!
You are too injured to fight recklessly!
You are too injured to fight recklessly!
You are too injured to fight recklessly!
You closely miss the goblin. You slash Robin! You hit the goblin.
You kill the goblin!
The goblin no longer looks unusually strong.
Robin closely misses you. The goblin barely misses you.
The goblin shoots a sling bullet.
The sling bullet misses you.
You slash the goblin!
You kill the goblin!
You hit the goblin but do no damage. You closely miss Robin.
Robin hits you with a +1 short sword of electrocution.
* * * LOW HITPOINT WARNING * * *
Robin barely misses you. The goblin hits you with a +0 club.
* * * LOW HITPOINT WARNING * * *
Things that are here:
a +0 dagger; a +0 sling; a goblin corpse The goblin attacks as you move away!
The goblin hits you with a +0 club.
You die...

#####.. #...#.#
#.....# ##
###...... g.
.......##g#
....w..
#.#.#.#g######.
#.....g.g......
###.#.#@#######
#$#.# ..#.# ...#
######.# ...#
#....#.#
...########.####.#
...##.....#.####.#
...####.#.#....#.#
...#......####.#.#


You could see a worm, Robin and 2 goblins.

Vanquished Creatures
  2 adders (D:2)
  A dart slug (D:1)
  5 bats
  3 endoplasms
  2 giant cockroaches (D:2)
  10 goblins
  3 hobgoblins (D:2)
  3 jackals (D:2)
  4 ball pythons
  3 frilled lizards
  6 kobolds
  6 rats
48 creatures vanquished.

Notes
Turn   | Place    | Note
-------+----------+-------------------------------------------
     0 | D:1      | purpskrrrp the Hill Orc Gladiator began the quest for the
                  | Orb.
     0 | D:1      | Reached XP level 1. HP: 18/18 MP: 1/1
   115 | D:1      | Reached XP level 2. HP: 25/25 MP: 2/2
   380 | D:1      | Reached skill level 1 in Armour
  1111 | D:2      | Reached XP level 3. HP: 30/30 MP: 3/3
  1113 | D:2      | Reached skill level 5 in Axes
  1332 | D:2      | Reached XP level 4. HP: 38/38 MP: 4/4
  1506 | D:2      | Noticed Robin
  1520 | D:2      | Slain by a goblin

Illustrated notes

Levels and vault maps discovered:
D:1:      dpeg_arrival_arbitrary_c, layout_basic, solitary_fountain, hex_tiny,
          minmay_misc_feat_x
D:2:      layout_basic, guppyfry_early_lair_pool, uniq_robin

Skill      XL: |  1  2  3 |
---------------+----------+-----
Armour         | 1 |  1.7
Fighting       | 3 |  3.3
Axes           | 5 |  5.5
Throwing       | |  1.7
Dodging        | |  2.4

Action                   |  1- 3 |  4- 6 || total
-------------------------+-------+-------++-------
Melee: War axe           |    95 |    13 ||   108
       Punch             |       |     1 ||     1
  Use: Scroll            |     3 |       ||     3
Armor: Leather armour    |    35 |     7 ||    42
Dodge: Dodged            |    75 |    26 ||   101

Table legend: (Time is in decaauts)
 A = Elapsed time spent in this place.
 B = Non-inter-level travel time spent in this place.
 C = Inter-level travel time spent in this place.
 D = Time resting spent in this place.
 E = Time spent auto-exploring this place.
 F = Levels seen in this place.
 G = Mean time per level.
                   A        B        C        D        E       F      G
               +--------+--------+--------+--------+--------+-----+--------+
         Total |   1547 |   1475 |     72 |    100 |   1111 |   2 |  773.5 |
       Dungeon |   1547 |   1475 |     72 |    100 |   1111 |   2 |  773.5 |
               +--------+--------+--------+--------+--------+-----+--------+

Top non-repeatable levels by time:
     D:1: 1045 daAuts
     D:2: 501 daAuts
